 Dungeon Crawl Stone Soup version 0.31-a0-542-gdc2a67831c (webtiles) character file.

Game seed: 7621569694182352164

1408 GordonOverkill the Basher (level 8, -3/43 HPs)
             Began as a Vine Stalker Delver on Aug 14, 2023.
             Was a Follower of Vehumet.
             Slain by a hobgoblin
             ... wielding a +3 war axe
              (7 damage)
             ... in a bailey.
             The game lasted 00:12:40 (4726 turns).

GordonOverkill the Basher (Vine Stalker Delver)     Turns: 4726, Time: 00:12:41

Health: -3/43      AC: 11    Str: 15    XL:     8   Next: 70%
Magic:  0/11       EV: 11    Int: 12    God:    Vehumet [*.....]
Gold:   360        SH:  0    Dex: 16    Spells: 9/10 levels left

rFire   . . .        n - +1 flail
rCold   . . .        (no shield)
rNeg    . . .        b - +0 leather armour
rPois   .            (no helmet)
rElec   .            o - +2 cloak
rCorr   .            y - +0 pair of gloves
SInv    .            (no boots)
Will    +....        (no amulet)
Stlth   +++          u - +4 ring of protection
HPRegen 1.07/turn    h - ring of flight
MPRegen 0.12/turn

%: guardian spirit
@: flying, hasted, very quick
A: fangs 3, regeneration 1, magic shield, antimagic bite, no potion heal 2
a: Renounce Religion


You were in a bailey.
You worshipped Vehumet.
Vehumet was aware of your devotion.
You visited 2 branches of the dungeon, and saw 8 of its levels.
You also visited: Bailey.

You collected 360 gold pieces.

Inventory:

Hand Weapons
 n - a +1 flail (weapon)
Missiles
 v - 3 poisoned darts
 D - 24 boomerangs (quivered)
Armour
 b - a +0 leather armour (worn)
 l - a +0 scale mail
 o - a +2 cloak (worn)
 y - a +0 pair of gloves (worn)
 A - the +0 robe of Immorality {rElec Int+3 Dex+3}
   (You found it on level 2 of the Dungeon)

   Int+3:     It affects your intelligence (+3).
   Dex+3:     It affects your dexterity (+3).
   rElec:     It insulates you from electricity.
Jewellery
 a - a ring of ice
 e - a ring of poison resistance
 h - a ring of flight (right hand)
 r - a ring of wizardry
 u - a +4 ring of protection (left hand)
 w - a +5 ring of evasion
Wands
 g - a wand of digging (10)
Scrolls
 c - 3 scrolls of fog
 d - a scroll of revelation
 i - 2 scrolls of enchant weapon
 k - 2 scrolls of blinking
 m - a scroll of brand weapon {unknown}
 p - a scroll of immolation
 q - 2 scrolls of teleportation
 z - 3 scrolls of fear
 C - a scroll of amnesia {unknown}
Potions
 f - 6 potions of curing
 j - 2 potions of lignification
 s - a potion of magic
 t - 3 potions of invisibility
 x - a potion of brilliance
 B - a potion of attraction {unknown}


   Skills:
 - Level 5.0 Fighting
 - Level 8.1 Maces & Flails
 - Level 1.0 Throwing
 - Level 1.5 Dodging
 - Level 6.0 Stealth
 + Level 1.9 Spellcasting
 + Level 1.9 Earth Magic


You had 9 spell levels left.
You knew the following spells:

 Your Spells              Type           Power      Damage    Failure   Level
a - Sandblast             Erth           10%        2d5       16%         1

Your spell library contained the following spells:

 Spells                   Type           Power      Damage    Failure   Level
 Summon Small Mammal      Summ           4%         N/A       34%         1
 Call Canine Familiar     Summ           1%         N/A       71%         3
 Inner Flame              Hex/Fire       1%         N/A       71%         3
 Summon Guardian Golem    Hex/Summ       1%         N/A       71%         3
 Yara's Violent Unravell  Hex/Tmut       0%         3d3       100%        5
 Enfeeble                 Hex            0%         N/A       100%        7


Dungeon Overview and Level Annotations

Branches:
Dungeon (7/15)             Temple (1/1) D:6          Bailey (1/1)

Altars:
Cheibriados
Dithmenos
Elyvilon
Fedhas
Gozag
Hepliaklqana
Kikubaaqudgha
Makhleb
Nemelex Xobeh
Okawaru
Qazlal
Ru
Sif Muna
Uskayaw
Vehumet
Wu Jian
Xom
Yredelemnul
Zin
The Shining One

Annotations:
Bailey 3 runed translucent doors


Innate Abilities, Weirdness & Mutations

You have razor-sharp teeth.
Your natural rate of healing is unusually fast.
When hurt, damage is shared between your health and your magic reserves.
Your bite disrupts and absorbs the magic of your enemies.
Potions cannot restore your health.


Message History

The orc warrior is heavily wounded.
The goblin hits you but does no damage.
The orc warrior hits you but does no damage.
You hit the orc warrior. You bite the orc warrior. You drain its power.
The orc warrior is almost dead.
The hobgoblin closely misses you. The goblin closely misses you.
The orc warrior hits you with a +0 war axe!
You are too injured to fight recklessly!
You are too injured to fight recklessly!
You are too injured to fight recklessly!
You hit the orc warrior but do no damage.
The orc warrior is almost dead.
The hobgoblin hits you with a +3 war axe.
The goblin closely misses you.
The orc warrior hits you with a +0 war axe!
* * * LOW HITPOINT WARNING * * *
You thump the orc warrior!
You kill the orc warrior!
Vehumet accepts your kill.
The hobgoblin hits you with a +3 war axe.
* * * LOW HITPOINT WARNING * * *
The goblin hits you but does no damage.
You hit the hobgoblin but do no damage. The hobgoblin barely misses you.
The goblin hits you with a +0 war axe.
* * * LOW HITPOINT WARNING * * *
You closely miss the hobgoblin. The hobgoblin closely misses you.
The goblin hits you but does no damage.
You hit the hobgoblin but do no damage.
The hobgoblin hits you with a +3 war axe!
* * * LOW HITPOINT WARNING * * *
The goblin hits you with a +0 war axe.
* * * LOW HITPOINT WARNING * * *
You closely miss the hobgoblin.
The hobgoblin hits you with a +3 war axe.
* * * LOW HITPOINT WARNING * * *
The goblin hits you with a +0 war axe.
* * * LOW HITPOINT WARNING * * *
You feel yourself speed up.
The hobgoblin hits you with a +3 war axe!
You die...

## .##
##....!##
..##
##.......##
...# ~K
#...8..8.?##
...#~~~~
#.........?#
...'....
'..........#
.#
#......8...#
##~~~
~~####..g)..#
#~=..
.~#~~#..g@.#
#~!...
....~#....##
##8.8.
.8.8~##...#
.#....
....~~+...#
.#....
....~~+...#
.#g...
....~~+...#
##8.8.
.8.8~##...#
#o?...
....~#....##
#~|...
.~#~~#.....##


You could see a hobgoblin and a goblin.

Vanquished Creatures
  An ice beast (D:6)
  4 orc warriors (Bailey)
  2 ogres
  A phantom (D:6)
  A scorpion (D:5)
  A wyvern zombie (D:5)
  A water moccasin zombie (D:5)
  A bullfrog zombie (D:5)
  3 hounds
  2 jellies
  A bullfrog skeleton (D:5)
  An orc wizard (D:3)
  2 scorpion zombies (D:5)
  A sleepcap (D:5)
  A howler monkey skeleton (D:5)
  A gnoll (D:1)
  8 adders
  A white imp (D:6)
  An ufetubus (D:5)
  A worm (D:2)
  4 dart slugs
  7 orcs
  11 bats
  7 endoplasms
  2 giant cockroaches (D:1)
  13 goblins
  8 hobgoblins
  8 jackals (D:1)
  4 quokkas
  8 ball pythons
  A frilled lizard (D:1)
  18 kobolds
  2 rats
128 creatures vanquished.

Notes
Turn   | Place    | Note
-------+----------+-------------------------------------------
     0 | D:5      | GordonOverkill the Vine Stalker Delver began the quest for
                  | the Orb.
     0 | D:5      | Reached XP level 1. HP: 11/11 MP: 2/2
    21 | D:5      | Noticed a jelly
    41 | D:5      | Reached skill level 2 in Maces & Flails
    41 | D:5      | Reached XP level 2. HP: 5/16 MP: 1/3
   178 | D:6      | Noticed a phantom
   247 | D:6      | Noticed a phantom
   459 | D:5      | Reached XP level 3. HP: 7/20 MP: 1/4
   597 | D:3      | Reached skill level 3 in Maces & Flails
   597 | D:3      | Gained mutation: Your natural rate of healing is unusually
                  | fast. [Vine Stalker growth]
   597 | D:3      | Reached XP level 4. HP: 20/25 MP: 5/5
   834 | D:2      | Reached XP level 5. HP: 29/29 MP: 6/6
  1796 | D:2      | Identified the +0 robe of Immorality {rElec Int+3 Dex+3}
  2147 | D:3      | Reached skill level 4 in Maces & Flails
  2407 | D:4      | Noticed an ogre
  2570 | D:4      | Killed an ogre
  2571 | D:4      | Reached XP level 6. HP: 11/35 MP: 2/7
  2829 | D:4      | Reached skill level 5 in Fighting
  3166 | D:5      | Reached skill level 5 in Maces & Flails
  3166 | D:5      | Reached XP level 7. HP: 26/39 MP: 6/8
  3348 | D:5      | Found an ornate altar of the Wu Jian Council.
  3431 | D:5      | Reached skill level 6 in Maces & Flails
  3837 | D:6      | Reached skill level 1 in Throwing
  3849 | D:6      | Gained mutation: You have razor-sharp teeth. [Vine Stalker
                  | growth]
  3849 | D:6      | Reached XP level 8. HP: 43/43 MP: 9/9
  3856 | D:6      | Found a staircase to the Ecumenical Temple.
  3888 | D:6      | Reached skill level 7 in Maces & Flails
  3896 | Temple   | Found a transporter.
  3896 | Temple   | Found a transporter.
  3896 | Temple   | Found a transporter.
  3896 | Temple   | Found a transporter.
  3896 | Temple   | Entered the Ecumenical Temple
  3910 | Temple   | Became a worshipper of Vehumet
  4335 | D:7      | Found a flagged portal.
  4351 | Bailey   | Entered a bailey
  4356 | Bailey   | Noticed an orc warlord
  4515 | Bailey   | Reached skill level 8 in Maces & Flails
  4595 | Bailey   | Reached * piety under Vehumet
  4595 | Bailey   | Offered knowledge of Sandblast by Vehumet.
  4606 | Bailey   | Learned a level 1 spell: Sandblast
  4628 | Bailey   | Reached skill level 1 in Spellcasting
  4628 | Bailey   | Reached skill level 1 in Earth Magic
  4702 | Bailey   | Found a runed translucent gate.
  4704 | Bailey   | Found a runed translucent gate.
  4705 | Bailey   | Found a runed translucent gate.
  4725 | Bailey   | HP: 2/43 [goblin/+0 war axe (5)]
  4726 | Bailey   | Slain by a hobgoblin

Illustrated notes

Levels and vault maps discovered:
D:1:      saegor_arrival_simple_a, layout_rooms
D:2:      layout_loops_cross
D:3:      layout_rooms
D:4:      layout_loops_corners
D:5:      layout_loops_cross, nzn_wu_jian_contemplation, serial_undead,
          serial_undead_a, serial_undead_d, serial_undead_d, serial_undead_d
D:6:      layout_basic, minmay_temple_entry_arrows
D:7:      layout_gridville, nicolae_ossuary_entry_catacombs, enter_bailey_2
Temple:   hellmonk_temple_divided_pantheon
Bailey:   bailey_axe_bossmonster_kennysheep, bailey

Skill      XL: |  1  2  3  4  5  6  7  8 |
---------------+-------------------------+-----
Fighting       | 3 4 5 |  5.0
Maces & Flails | 2 3 4 5 6 8 |  8.1
Throwing       | 1 |  1.0
Spellcasting   | 1 |  1.9
Earth Magic    | 1 |  1.9
Dodging        | |  1.5
Stealth        | |  6.0

Action                     |  1- 3 |  4- 6 |  7- 9 || total
---------------------------+-------+-------+-------++-------
  Melee: Mace              |    23 |       |       ||    23
         Bite              |    10 |    46 |    49 ||   105
         Flail             |    17 |   210 |   164 ||   391
         Punch             |       |     4 |     3 ||     7
  Throw: Dart              |       |       |     6 ||     6
         Boomerang         |       |       |    12 ||    12
    Use: Potion            |     2 |     2 |     1 ||     5
         Scroll            |     1 |     4 |     6 ||    11
   Stab: Sleeping          |     2 |    18 |     4 ||    24
         Distracted        |       |       |     1 ||     1
 Armour: Leather armour    |    18 |   121 |    69 ||   208
  Dodge: Dodged            |    33 |   136 |   117 ||   286

Table legend: (Time is in decaauts)
 A = Elapsed time spent in this place.
 B = Non-inter-level travel time spent in this place.
 C = Inter-level travel time spent in this place.
 D = Time resting spent in this place.
 E = Time spent auto-exploring this place.
 F = Levels seen in this place.
 G = Mean time per level.
                   A        B        C        D        E       F      G
               +--------+--------+--------+--------+--------+-----+--------+
         Total |   4757 |   4398 |    359 |    437 |   2162 |   9 |  528.6 |
       Dungeon |   4343 |   3989 |    354 |    376 |   2162 |   7 |  620.4 |
        Temple |     36 |     31 |      5 |      0 |      0 |   1 |   36.0 |
        Bailey |    377 |    377 |      0 |     61 |      0 |   1 |  377.0 |
               +--------+--------+--------+--------+--------+-----+--------+

Top non-repeatable levels by time:
     D:5: 948 daAuts
     D:4: 790 daAuts
     D:2: 682 daAuts
     D:3: 664 daAuts
     D:6: 635 daAuts
     D:1: 598 daAuts
  Bailey: 377 daAuts
  Temple: 36 daAuts
     D:7: 23 daAuts
